 Dungeon Crawl Stone Soup version 0.29-a0-23-ga79f92ac9c (webtiles) character file.

Game seed: 10760781664836339791

4750 gimp the Slicer (level 10, -6/56 HPs)
             Began as a Tengu Wanderer on Jan 30, 2022.
             Was a Follower of Vehumet.
             Mangled by a vampire (8 damage)
             ... on level 9 of the Dungeon.
             The game lasted 00:22:55 (11555 turns).

gimp the Slicer (Tengu Wanderer)                   Turns: 11555, Time: 00:22:56

Health: -6/56      AC:  8    Str:  8    XL:     10   Next: 46%
Magic:  12/18      EV: 18    Int: 22    God:    Vehumet [*.....]
Gold:   0          SH:  9    Dex: 19    Spells: 9/19 levels left

rFire   . . .      SeeInvis .   a - +2 dagger (venom)
rCold   + . .      Faith    .   c - +3 buckler
rNeg    . . .      Spirit   .   t - +0 leather armour {rC+}
rPois   .          Reflect  .   (helmet restricted)
rElec   .          Harm     .   (no cloak)
rCorr   .          Rampage  .   g - +0 pair of gloves
Will    .....                   (boots unavailable)
Stlth   ++........              (no amulet)
HPRegen 0.18/turn               w - +6 ring of intelligence
MPRegen 0.16/turn               h - +4 ring of protection

@: flying quickly and evasively, studying Fire Magic, quick
A: beak, talons 3, nimble flight
a: Renounce Religion


You were on level 9 of the Dungeon.
You worshipped Vehumet.
Vehumet was aware of your devotion.
You visited 2 branches of the dungeon, and saw 10 of its levels.

Inventory:

Hand Weapons
 a - a +2 dagger of venom (weapon)
Missiles
 s - 6 curare-tipped darts (quivered)
Armour
 c - a +3 buckler (worn)
 g - a +0 pair of gloves (worn)
 j - the +2 robe of the Moon Troll {Regen+}
   (You found it on level 4 of the Dungeon)

   Regen:     It increases your rate of health regeneration.
 t - a +0 leather armour of cold resistance (worn)
Jewellery
 h - a +4 ring of protection (right hand)
 w - a +6 ring of intelligence (left hand)
Wands
 i - a wand of acid (9)
 l - a wand of digging (5)
 n - a wand of iceblast (22)
 p - a wand of polymorph (17)
Scrolls
 k - 2 scrolls of fog
 q - 3 scrolls of teleportation
 r - a scroll of amnesia
 v - a scroll of holy word
 y - a scroll of silence
Potions
 b - 2 potions of might
 d - 2 potions of cancellation
 e - a potion of heal wounds
 f - a potion of ambrosia
 m - 3 potions of haste
 o - 5 potions of curing {unknown}
 u - a potion of invisibility {unknown}
 x - a potion of resistance {unknown}


   Skills:
 - Level 3.0 Fighting
 - Level 10.0 Short Blades
 - Level 5.0 Armour
 + Level 7.0 Dodging
 + Level 1.2 Stealth
 - Level 4.0 Shields
 + Level 5.3 Spellcasting
 + Level 5.2 Conjurations
 - Level 2.1 Necromancy
 + Level 6.3 Fire Magic


You had 9 spell levels left.
You knew the following spells:

 Your Spells              Type           Power      Damage    Failure   Level
a - Static Discharge      Conj/Air       17%        N/A       9%          2
b - Magic Dart            Conj           100%       1d8       1%          1
c - Mephitic Cloud        Conj/Pois/Air  13%        N/A       26%         3
d - Sticky Flame          Conj/Fire      31%        2d5       16%         4

Your spell library contained the following spells:

 Spells                   Type           Power      Damage    Failure   Level
 Freeze                   Ice            20%        1d4       19%         1
 Sublimation of Blood     Necr           15%        N/A       11%         2
 Corpse Rot               Necr/Air       20%        N/A       17%         2
 Call Imp                 Summ           5%         N/A       26%         2
 Gell's Gravitas          Tloc           5%         N/A       47%         3
 Teleport Other           Tloc           5%         N/A       47%         3
 Tukima's Dance           Hex            5%         N/A       47%         3
 Dispel Undead            Necr           15%        3d10      56%         4
 Passage of Golubria      Tloc           5%         N/A       87%         4
 Yara's Violent Unravell  Hex/Tmut       2%         3d3       99%         5
 Dispersal                Tloc           2%         N/A       100%        6


Dungeon Overview and Level Annotations

Branches:
Dungeon (9/15)             Temple (1/1) D:7
   Lair: D:8-11         Orc: D:9-12

Altars:
Ashenzari
Cheibriados
Dithmenos
Elyvilon
Fedhas
Gozag
Hepliaklqana
Kikubaaqudgha
Makhleb
Nemelex Xobeh
Okawaru
Qazlal
Ru
Sif Muna
Trog
Uskayaw
Vehumet
Wu Jian
Xom
Yredelemnul
Zin
The Shining One

Shops:
D:5 (


Innate Abilities, Weirdness & Mutations

You have a beak for a mouth.
You have claws for feet.
Your magical nature lets you fly swiftly and evasively.


Message History

The vampire is covered in liquid flames!
The vampire burns!
The vampire hits you! The vampire bites you!
The vampire draws strength from your injuries!
You take 16 damage, and have 40/56 hp.
MASSIVE DAMAGE!!
You now have 14/18 mp.
You hit the vampire but do no damage.
The vampire is moderately damaged.
The vampire burns!
The vampire hits you. The vampire misses you.
You take 5 damage, and have 35/56 hp.
You hit the vampire but do no damage. You claw the vampire, but do no damage.
The vampire is heavily damaged.
You hit the vampire.
The vampire is heavily damaged.
The vampire burns!
The vampire hits you! The vampire bites you.
The vampire draws strength from your injuries!
You take 12 damage, and have 23/56 hp.
MASSIVE DAMAGE!!
You barely miss the vampire.
The vampire is heavily damaged.
Casting: Sticky Flame (quite dangerous; 16% risk of failure)
Confirm with . or Enter, or press ? or * to list all spells.
The vampire is struck by an arc of lightning.
The vampire is severely damaged.
You are struck by an arc of lightning.
The lightning grounds out.
The vampire burns!
The vampire draws life force from you!
* * * LOW HITPOINT WARNING * * *
The vampire is healed by the life force!
You take 15 damage, and have 9/56 hp.
MASSIVE DAMAGE!!
You now have 12/18 mp.
Saving game... please wait.
Welcome back, gimp the Tengu Wanderer.
Vehumet says: Let it end in hellfire!
Press ? for a list of commands and other information.
Aiming: Corrosive Bolt
Press: ? - help, Shift-Dir - straight line, f - vampire
Aim: a vampire (heavily damaged, slightly transparent, covered in liquid flames, 81% to hit)
The bolt of acid hits the vampire!
The acid corrodes the vampire!
The vampire is almost destroyed.
The vampire burns!
Something hits you!
* * * LOW HITPOINT WARNING * * *
Deactivating autopickup; reactivate with Ctrl-A.
Something bites you!
You die...

..#
#.......#
..#
#.......#
..#
#.......#
..#
#.......#
..#
#.......#
).#
#.......#
###
#.......#
....#
#......{#
....#
#......@#
....#
#.......#
....#
#.......#
....#
#.......#
....#
#.......#
#####
#########


There were no monsters in sight!

Vanquished Creatures
  Maurice (D:9)
  Prince Ribbit (D:8)
  A wyvern (D:7)
  9 yaks
  A steam dragon (D:8)
  A water moccasin (D:5)
  An orc warrior (D:7)
  3 sky beasts
  3 ice beasts
  2 centaurs
  2 phantoms
  3 bullfrogs
  A gnoll sergeant (D:6)
  4 scorpions
  4 wights
  3 howler monkeys
  2 jellies
  A bullfrog zombie (D:5)
  2 bullfrog skeletons
  2 orc priests
  A hound (D:6)
  A centaur skeleton (D:5)
  A gnoll shaman (D:7)
  An iron imp (D:6)
  4 orc wizards
  2 iguanas (D:6)
  A hound zombie (D:4)
  A howler monkey zombie (D:9)
  10 gnolls
  8 adders
  A shadow imp (D:8)
  2 white imps
  6 ufetubi
  3 worms (D:3)
  2 dart slugs (D:1)
  21 orcs
  5 endoplasms
  2 giant cockroaches
  8 goblins
  7 hobgoblins
  8 jackals
  7 kobolds
  2 quokkas
  6 ball pythons
  3 bats (D:1)
  8 frilled lizards
  3 goblin skeletons (D:6)
  3 goblin zombies (D:6)
  3 hobgoblin zombies (D:6)
  2 kobold skeletons (D:6)
  3 kobold zombies (D:6)
  An orc zombie (D:6)
  7 rats
190 creatures vanquished.

Vanquished Creatures (others)
  An orc priest (D:8)
  A bush (D:2)
  A plant (D:2)
3 creatures vanquished.

Grand Total: 193 creatures vanquished

Notes
Turn   | Place    | Note
-------+----------+-------------------------------------------
     0 | D:1      | gimp the Tengu Wanderer began the quest for the Orb.
     0 | D:1      | gimp set off with the following items: a +0 dagger, a +0
                  | ring mail, a +2 buckler; and the following spells available
                  | to memorise: Sublimation of Blood, Corpse Rot
     0 | D:1      | Reached XP level 1. HP: 12/12 MP: 3/3
   406 | D:1      | Reached XP level 2. HP: 14/17 MP: 4/4
   770 | D:1      | Reached XP level 3. HP: 14/22 MP: 5/5
  1601 | D:2      | Found a faded altar of an unknown god.
  2268 | D:3      | Reached XP level 4. HP: 21/27 MP: 6/6
  2810 | D:3      | Found a snail-covered altar of Cheibriados.
  3670 | D:4      | Reached skill level 1 in Short Blades
  3670 | D:4      | Gained mutation: Your magical nature lets you fly swiftly
                  | and evasively. [Tengu growth]
  3670 | D:4      | Reached XP level 5. HP: 16/32 MP: 7/7
  3864 | D:3      | Reached skill level 2 in Short Blades
  3864 | D:3      | Reached skill level 1 in Dodging
  3936 | D:4      | Reached XP level 6. HP: 15/37 MP: 8/8
  4275 | D:4      | Reached skill level 3 in Short Blades
  4626 | D:4      | Reached XP level 7. HP: 30/41 MP: 9/9
  4729 | D:4      | Identified the +2 robe of the Moon Troll {Regen+}
  4935 | D:5      | Entered Level 5 of the Dungeon
  4947 | D:5      | Found Sakec's Weapon Boutique.
  4970 | D:5      | Reached skill level 4 in Short Blades
  4985 | D:5      | Identified a scroll of acquirement
  4985 | D:5      | Acquired a manual of Fire Magic
  5152 | D:5      | Reached skill level 5 in Armour
  5275 | D:5      | Reached skill level 5 in Short Blades
  6024 | D:5      | Reached XP level 8. HP: 38/46 MP: 11/11
  6295 | D:6      | Reached skill level 6 in Short Blades
  6652 | D:6      | Found a glowing golden altar of the Shining One.
  6732 | D:6      | Reached skill level 7 in Short Blades
  7209 | D:6      | Reached skill level 5 in Dodging
  7470 | D:6      | Reached XP level 9. HP: 50/50 MP: 15/15
  7478 | D:6      | Learned a level 2 spell: Static Discharge
  7753 | D:6      | Reached skill level 8 in Short Blades
  7753 | D:6      | Reached skill level 1 in Fire Magic
  7870 | D:7      | Reached skill level 1 in Conjurations
  7976 | D:7      | Found a staircase to the Ecumenical Temple.
  8004 | Temple   | Entered the Ecumenical Temple
  8325 | Temple   | Became a worshipper of Vehumet
  9134 | D:7      | Learned a level 1 spell: Magic Dart
  9138 | D:7      | Learned a level 3 spell: Mephitic Cloud
  9582 | D:7      | Identified the +4 ring mail of Atot {Harm Rampage rF+++
                  | Int-4}
  9607 | D:8      | Noticed Prince Ribbit
  9620 | D:8      | Killed Prince Ribbit
  9810 | D:8      | Found a shimmering blue altar of Sif Muna.
 10020 | D:8      | Reached skill level 9 in Short Blades
 10372 | D:8      | Reached XP level 10. HP: 26/56 MP: 16/18
 10389 | D:7      | Reached skill level 5 in Fire Magic
 11099 | D:8      | Reached * piety under Vehumet
 11099 | D:8      | Offered knowledge of Freeze by Vehumet.
 11138 | D:8      | Found a bloodstained altar of Trog.
 11292 | D:9      | Reached skill level 5 in Spellcasting
 11315 | D:9      | Reached skill level 10 in Short Blades
 11330 | D:9      | Reached skill level 5 in Conjurations
 11451 | D:9      | Noticed Maurice
 11465 | D:9      | Killed Maurice
 11466 | D:9      | Reached skill level 1 in Stealth
 11547 | D:8      | Learned a level 4 spell: Sticky Flame
 11555 | D:9      | Upgraded the game from 0.29-a0-22-gbf593b16ee to
                  | 0.29-a0-23-ga79f92ac9c
 11555 | D:9      | HP: 2/56 [something (7)]
 11555 | D:9      | Mangled by a vampire

Illustrated notes

Levels and vault maps discovered:
D:1:      dpeg_arrival_tiny_f, layout_basic, chequers_serial_rivers_micro_e
D:2:      layout_loops_ring, serial_forest, infiniplex_forest_fountain,
          infiniplex_forest_lined_room_, infiniplex_forest_clump_long,
          infiniplex_forest_end_2, infiniplex_forest_end_1,
          infiniplex_forest_zigzag_1, shapermc_ecumenical_altar_starsandcircs
D:3:      layout_loops_corners, cheibrodos_worm_habitat
D:4:      nicolae_cairo_tiling, layout_basic
D:5:      layout_basic, serial_shops, nicolae_inconvenience_store
D:6:      layout_basic, nicolae_tso_besieged_by_evil, kennysheep_generic_room_16
D:7:      layout_basic, minmay_temple_entry_drinking_statues
D:8:      layout_cave_pools, marbit_many_paths, nicolae_overflow_crystal_walls,
          hangedman_abyss_or_decor_lesser_grid, uniq_prince_ribbit1
D:9:      layout_grid_maze, uniq_maurice
Temple:   dpeg_five_rooms_temple

Skill      XL: |  1  2  3  4  5  6  7  8  9 10 |
---------------+-------------------------------+-----
Armour         | 3 4 5 |  5.0
Fighting       | 3 |  3.0
Shields        | 4 |  4.0
Short Blades   | 1 2 3 5 7 9 10 | 10.0
Dodging        | 1 2 3 5 6 7 |  7.0
Spellcasting   | 3 4 5 |  5.3
Fire Magic     | 4 6 |  6.3
Conjurations   | 4 5 |  5.2
Stealth        | 1 |  1.2
Necromancy     | |  2.1

Action                   |  1- 3 |  4- 6 |  7- 9 | 10-12 || total
-------------------------+-------+-------+-------+-------++-------
Melee: Dagger            |   146 |   132 |   398 |    90 ||   766
       Peck              |    30 |    24 |    93 |    23 ||   170
       Kick              |    46 |    45 |   163 |    43 ||   297
Throw: Dart              |       |       |     2 |       ||     2
 Cast: Static Discharge  |       |       |     8 |    10 ||    18
       Magic Dart        |       |       |     2 |     2 ||     4
       Sticky Flame      |       |       |       |     1 ||     1
Evoke: Wand              |       |     2 |     7 |     8 ||    17
  Use: Scroll            |       |    11 |     5 |     1 ||    17
       Potion            |       |       |     1 |       ||     1
 Stab: Sleeping          |     1 |       |     1 |       ||     2
       Paralysed         |       |       |     2 |       ||     2
Armor: Ring mail         |    40 |    26 |    31 |       ||    97
       Leather armour    |       |       |     9 |    10 ||    19
Dodge: Dodged            |    42 |    47 |   132 |    41 ||   262
Block: Buckler           |    43 |    47 |   114 |    26 ||   230

Table legend: (Time is in decaauts)
 A = Elapsed time spent in this place.
 B = Non-inter-level travel time spent in this place.
 C = Inter-level travel time spent in this place.
 D = Time resting spent in this place.
 E = Time spent auto-exploring this place.
 F = Levels seen in this place.
 G = Mean time per level.
                   A        B        C        D        E       F      G
               +--------+--------+--------+--------+--------+-----+--------+
         Total |  11051 |  10591 |    460 |    986 |   7707 |  10 | 1105.1 |
       Dungeon |  10711 |  10323 |    388 |    986 |   7451 |   9 | 1190.1 |
        Temple |    339 |    267 |     72 |      0 |    255 |   1 |  339.0 |
               +--------+--------+--------+--------+--------+-----+--------+

Top non-repeatable levels by time:
     D:6: 1549 daAuts
     D:3: 1538 daAuts
     D:7: 1529 daAuts
     D:5: 1500 daAuts
     D:1: 1253 daAuts
     D:4: 1084 daAuts
     D:2: 1004 daAuts
     D:8: 933 daAuts
  Temple: 339 daAuts
     D:9: 317 daAuts
